General information
- name: BNet
- type: Ladder 1vs1/FFA
- host: Battle.net
- saver: d3no.wc4yes
map: CentaurGrove
- players: 2
- length: 192:01
- speed: Fast
- version: 1.26 W3XP
- replay type: Public
» download(515 KB)
Players
team 1 (loser)
pkb_04 (
green | 55 APM | 10483 actions | 191:59)
4 Demon Hunter
2 Immolation
2 Evasion
5 Warden
3 Shadow Strike
2 Blink
» actions
| Assign group hotkey | 378 | |
| Basic commands | 684 | |
| Build / train | 177 | |
| Enter build submenu | 88 | |
| Enter hero's abilities submenu | 12 | |
| Give item / drop item | 31 | |
| Remove unit from queue | 16 | |
| Right click | 3426 | |
| Select / deselect | 1337 | |
| Select group hotkey | 3891 | |
| Use ability | 443 | |
10483 total
» units
| Wisp | 59 | |
| Druid of the Claw | 5 | |
| Dryad | 29 | |
| Chimaera | 9 | |
| Hippogryph | 14 | |
| Huntress | 4 | |
120 total
» upgrades
| Ultravision | 1 | |
| Druid of the Claw Training | 2 | |
| Strength of the Wild | 3 | |
| Nature's Blessing | 1 | |
| Mark of the Claw | 1 | |
| Well Spring | 1 | |
| Abolish Magic | 1 | |
| Reinforced Hides | 3 | |
| Corrosive Breath | 1 | |
| Strength of the Moon | 3 | |
| Moon Armor | 1 | |
| Backpack | 1 | |
| Sentinel | 1 | |
20 total
» buildings
| Moon Well | 36 | |
| Altar of Elders | 2 | |
| Hunter's Hall | 3 | |
| Tree of Ages | 1 | |
| Ancient Protector | 13 | |
| Ancient of Lore | 2 | |
| Tree of Eternity | 1 | |
| Ancient of Wind | 1 | |
| Chimaera Roost | 2 | |
| Ancient of Wonders | 4 | |
| Tree of Life | 7 | |
| Ancient of War | 1 | |
73 total
» build order
00:12 Moon Well
00:14 Altar of Elders
01:00 Moon Well
02:04 Hunter's Hall
02:20 Moon Well
03:01 Tree of Ages
03:06 Moon Well
04:07 Moon Well
04:12 Ancient Protector
05:35 Ancient Protector
05:49 Moon Well
06:12 Ancient of Lore
06:19 Ancient of Lore
06:29 Moon Well
06:46 Tree of Eternity
07:45 Moon Well
09:42 Ancient of Wind
13:09 Chimaera Roost
13:44 Ancient of Wonders
13:56 Ancient of Wonders
19:02 Tree of Life
19:52 Ancient Protector
19:54 Ancient Protector
19:56 Ancient Protector
23:10 Ancient Protector
24:46 Moon Well
24:55 Moon Well
25:00 Moon Well
25:35 Moon Well
26:06 Moon Well
62:37 Moon Well
62:42 Moon Well
63:43 Ancient of War
66:18 Tree of Life
73:28 Tree of Life
75:26 Tree of Life
79:36 Hunter's Hall
80:53 Moon Well
81:49 Moon Well
82:29 Moon Well
82:41 Ancient Protector
82:49 Ancient Protector
82:58 Moon Well
83:59 Moon Well
84:04 Moon Well
85:20 Ancient Protector
86:39 Ancient Protector
86:48 Ancient Protector
86:51 Ancient Protector
93:41 Moon Well
93:48 Moon Well
94:25 Moon Well
95:33 Ancient Protector
99:11 Tree of Life
99:18 Moon Well
101:02 Moon Well
101:38 Tree of Life
103:04 Moon Well
103:08 Moon Well
104:21 Moon Well
104:40 Moon Well
104:47 Moon Well
105:40 Moon Well
105:45 Moon Well
107:04 Moon Well
108:14 Hunter's Hall
113:13 Chimaera Roost
147:07 Tree of Life
163:35 Altar of Elders
174:49 Moon Well
187:25 Ancient of Wonders
187:41 Ancient of Wonders
188:01 Moon Well
» items
| Circlet of Nobility | 8 | |
| Scroll of Town Portal | 1 | |
| Orb of Venom | 2 | |
| Dust of Appearance | 1 | |
| Periapt of Vitality | 3 | |
15 total
team 2 (winner)
d3no.wc4yes (
orange | 45 APM | 8697 actions | 192:01)
7 Archmage
3 Blizzard
3 Brilliance Aura
1 Mass Teleport
6 Blood Mage
3 Flame Strike
2 Siphon Mana
1 Summon Phoenix
4 Goblin Alchemist
2 Acid Bomb
2 Chemical Rage
» actions
| Assign group hotkey | 106 | |
| Basic commands | 298 | |
| Build / train | 228 | |
| ESC pressed | 8 | |
| Enter build submenu | 134 | |
| Enter hero's abilities submenu | 17 | |
| Give item / drop item | 16 | |
| Remove unit from queue | 1 | |
| Right click | 3574 | |
| Select / deselect | 2163 | |
| Select group hotkey | 973 | |
| Use ability | 1179 | |
8697 total
» units
| Peasant | 27 | |
| Goblin Shredder | 5 | |
| Goblin Zeppelin | 3 | |
| Sorceress | 1 | |
| Dragonhawk Rider | 17 | |
| Gryphon Rider | 3 | |
| Goblin Sapper | 4 | |
| Mortar Team | 4 | |
| Flying Machine | 13 | |
| Siege Engine | 5 | |
82 total
» upgrades
| Masonry | 3 | |
| Swords | 3 | |
| Armor | 3 | |
| Sorceress Training | 2 | |
| Magic Sentry | 1 | |
| Priest Training | 2 | |
| Animal War Training | 1 | |
| Storm Hammers | 1 | |
| Cloud | 1 | |
| Plating | 3 | |
| Gunpowder | 3 | |
| Fragmentation Shards | 1 | |
| Flak Cannons | 1 | |
| Barrage | 1 | |
| Flare | 1 | |
27 total
» buildings
| Altar of Kings | 2 | |
| Farm | 27 | |
| Arcane Vault | 3 | |
| Lumber Mill | 2 | |
| Scout Tower | 111 | |
| Arcane Tower | 13 | |
| Guard Tower | 41 | |
| Town Hall | 5 | |
| Keep | 2 | |
| Blacksmith | 4 | |
| Castle | 2 | |
| Arcane Sanctum | 2 | |
| Gryphon Aviary | 4 | |
| Barracks | 2 | |
| Workshop | 2 | |
222 total
» build order
00:06 Altar of Kings
00:29 Farm
00:47 Farm
01:01 Arcane Vault
01:10 Lumber Mill
01:45 Scout Tower
02:27 Arcane Tower
03:07 Farm
04:04 Scout Tower
04:05 Scout Tower
04:06 Scout Tower
04:07 Scout Tower
04:07 Scout Tower
04:09 Scout Tower
04:16 Scout Tower
04:17 Scout Tower
04:18 Scout Tower
04:49 Farm
05:28 Guard Tower
05:34 Arcane Tower
05:35 Guard Tower
05:36 Guard Tower
05:41 Town Hall
05:50 Guard Tower
06:08 Scout Tower
06:09 Scout Tower
06:10 Scout Tower
06:11 Scout Tower
06:17 Guard Tower
07:10 Guard Tower
07:22 Farm
07:31 Scout Tower
07:43 Farm
07:43 Farm
07:44 Scout Tower
08:24 Keep
08:26 Guard Tower
08:35 Blacksmith
08:36 Blacksmith
08:49 Blacksmith
09:31 Scout Tower
09:31 Scout Tower
10:19 Guard Tower
10:21 Scout Tower
10:22 Scout Tower
10:26 Scout Tower
10:27 Scout Tower
10:29 Arcane Vault
10:30 Scout Tower
10:31 Scout Tower
10:31 Scout Tower
11:15 Arcane Tower
11:15 Guard Tower
11:16 Castle
11:19 Guard Tower
11:33 Arcane Sanctum
11:34 Arcane Sanctum
11:48 Arcane Tower
11:51 Gryphon Aviary
11:54 Gryphon Aviary
12:52 Gryphon Aviary
13:23 Scout Tower
13:40 Scout Tower
13:41 Farm
13:54 Barracks
14:07 Barracks
14:10 Guard Tower
14:49 Guard Tower
14:52 Workshop
17:41 Scout Tower
17:42 Scout Tower
18:38 Arcane Tower
22:52 Scout Tower
22:52 Scout Tower
22:54 Scout Tower
22:55 Scout Tower
22:56 Scout Tower
22:57 Scout Tower
22:59 Town Hall
23:29 Guard Tower
23:31 Scout Tower
23:32 Scout Tower
23:33 Scout Tower
23:33 Scout Tower
23:47 Farm
23:47 Farm
23:56 Guard Tower
29:31 Arcane Tower
29:32 Guard Tower
31:25 Town Hall
31:33 Scout Tower
31:33 Scout Tower
31:34 Scout Tower
31:35 Scout Tower
31:35 Scout Tower
31:36 Scout Tower
31:37 Scout Tower
31:38 Scout Tower
32:11 Scout Tower
32:11 Scout Tower
32:12 Scout Tower
32:13 Scout Tower
32:14 Scout Tower
32:14 Scout Tower
32:14 Scout Tower
32:15 Scout Tower
32:17 Guard Tower
32:21 Scout Tower
32:35 Arcane Tower
32:40 Arcane Tower
32:53 Guard Tower
33:12 Guard Tower
33:15 Town Hall
33:16 Guard Tower
37:10 Guard Tower
37:13 Scout Tower
37:15 Scout Tower
37:22 Guard Tower
39:22 Scout Tower
39:22 Scout Tower
39:30 Arcane Tower
39:32 Arcane Tower
40:07 Arcane Tower
40:09 Guard Tower
50:30 Farm
51:40 Town Hall
51:56 Altar of Kings
52:14 Arcane Vault
52:26 Scout Tower
52:28 Scout Tower
52:55 Guard Tower
52:56 Scout Tower
52:57 Scout Tower
52:59 Scout Tower
53:01 Guard Tower
53:05 Scout Tower
53:06 Scout Tower
53:18 Scout Tower
53:18 Scout Tower
53:20 Scout Tower
53:21 Scout Tower
53:34 Scout Tower
53:35 Guard Tower
53:43 Guard Tower
54:10 Scout Tower
54:13 Scout Tower
54:33 Guard Tower
54:34 Scout Tower
54:35 Scout Tower
54:56 Guard Tower
55:04 Scout Tower
55:04 Scout Tower
55:30 Scout Tower
55:30 Scout Tower
55:36 Guard Tower
55:38 Scout Tower
55:38 Scout Tower
55:39 Scout Tower
55:40 Scout Tower
55:59 Scout Tower
56:00 Scout Tower
56:01 Scout Tower
56:03 Scout Tower
56:03 Scout Tower
56:04 Guard Tower
56:33 Guard Tower
56:35 Scout Tower
56:35 Scout Tower
56:38 Scout Tower
56:39 Scout Tower
56:40 Guard Tower
57:02 Guard Tower
57:19 Guard Tower
57:21 Scout Tower
57:21 Scout Tower
57:22 Scout Tower
57:27 Guard Tower
57:37 Guard Tower
57:39 Scout Tower
57:39 Scout Tower
57:43 Scout Tower
57:47 Scout Tower
57:48 Scout Tower
57:56 Scout Tower
57:57 Scout Tower
58:21 Guard Tower
58:44 Scout Tower
58:48 Guard Tower
58:51 Scout Tower
58:51 Scout Tower
59:27 Guard Tower
59:40 Keep
62:03 Castle
62:07 Scout Tower
62:07 Scout Tower
62:08 Scout Tower
63:26 Guard Tower
63:44 Scout Tower
63:45 Scout Tower
64:47 Guard Tower
72:40 Blacksmith
74:15 Farm
74:17 Farm
74:18 Farm
75:20 Farm
77:29 Farm
77:40 Farm
78:17 Farm
78:18 Farm
78:19 Farm
78:48 Farm
78:49 Farm
80:20 Farm
82:03 Workshop
82:47 Lumber Mill
82:55 Farm
84:43 Gryphon Aviary
86:53 Farm
86:57 Farm
125:44 Farm
133:32 Arcane Tower
» items
| Lesser Clarity Potion | 3 | |
| Scroll of Regeneration | 6 | |
| Mechanical Critter | 5 | |
| Boots of Speed | 3 | |
| Potion of Invisibility | 2 | |
| Periapt of Vitality | 1 | |
| Potion of Lesser Invulnerability | 2 | |
| Staff of Teleportation | 3 | |
| Scroll of Town Portal | 7 | |
| Potion of Healing | 3 | |
| Potion of Mana | 1 | |
| Staff of Sanctuary | 2 | |
| Ivory Tower | 1 | |
39 total
Chat log
(14:40 / All) pkb_04: hi
(27:21 / All) d3no.wc4yes: bye
(28:26 / All) d3no.wc4yes: leave
(28:32 / All) pkb_04: fuck you
(28:34 / All) d3no.wc4yes: u mad
(28:36 / All) d3no.wc4yes: cry
(28:37 / All) d3no.wc4yes: and leave
(29:00 / All) d3no.wc4yes: cant even keep a warden alive
(29:01 / All) d3no.wc4yes: lol
(29:34 / All) d3no.wc4yes: still here?
(29:36 / All) d3no.wc4yes: must be mad
(32:06 / All) d3no.wc4yes: lol
(32:31 / All) d3no.wc4yes: "hi"
(33:56 / All) d3no.wc4yes: LOL
(34:40 / All) pkb_04: bring it bitch
(34:41 / All) d3no.wc4yes: lmfao
(34:48 / All) d3no.wc4yes: if i wanted to win i would have a long time ago
(34:51 / All) d3no.wc4yes: get angried
(34:54 / All) d3no.wc4yes: angrier
(34:56 / All) pkb_04: thats why your bitch ass is out there scared
(35:00 / All) d3no.wc4yes: LOL
(35:04 / All) d3no.wc4yes: internet tough guy alert
(35:15 / All) pkb_04: funny guy alert
(35:20 / All) pkb_04: stfu dude
(35:21 / All) d3no.wc4yes: worst
(35:22 / All) d3no.wc4yes: comeback
(35:22 / All) d3no.wc4yes: ever
(35:27 / All) d3no.wc4yes: just leave, you lost a long time ago
(35:54 / All) d3no.wc4yes: you thought those were a good idea
(35:55 / All) d3no.wc4yes: lol
(36:33 / All) pkb_04: i dont read minds, so i dont know what "those" are you fucking idiot
(36:44 / All) d3no.wc4yes: well you didnt do anything right
(36:56 / All) d3no.wc4yes: so "those" can refer to anything you made
(37:27 / All) pkb_04: if thats the case, ill just wait and see because your a bitch
(37:30 / All) d3no.wc4yes: so
(37:38 / All) d3no.wc4yes: youre just gonna sit in an empty base
(37:43 / All) pkb_04: just saying
(37:45 / All) d3no.wc4yes: youre that mad?
(39:02 / All) d3no.wc4yes: you know youre gonna leave
(39:05 / All) d3no.wc4yes: why prolong it?
(39:49 / All) d3no.wc4yes: its not like you know how to do anything good
(40:00 / All) d3no.wc4yes: that might turn this around for you
(40:29 / All) d3no.wc4yes: its ok bro, you can leave
(40:31 / All) d3no.wc4yes: i wont laugh that much
(40:53 / All) pkb_04: honestly i dont give two shits. i dont have anything to do today, and since you insist on being a fucking asshole i stay on
(40:59 / All) d3no.wc4yes: face saving
(41:01 / All) pkb_04: here wasting your time
(41:10 / All) d3no.wc4yes: so what you're saying...is that my time is more valuable than yours?
(41:21 / All) d3no.wc4yes: thats what it sounds like
(41:33 / All) d3no.wc4yes: but i'll wait for you to formulate a bizarre response that goes against your own logic
(41:36 / All) d3no.wc4yes: take your time
(41:36 / All) pkb_04: like stated previously, i dont have anything to do today.
(41:56 / All) pkb_04: no you take yours
(42:06 / All) d3no.wc4yes: you need to work on comebacks
(42:22 / All) d3no.wc4yes: dude you dont have to huddle in your base
(42:27 / All) d3no.wc4yes: ill let you walk out and take a mine
(42:44 / All) d3no.wc4yes: i have 5
(42:47 / All) d3no.wc4yes: i can share
(43:13 / All) pkb_04: i see that
(43:17 / All) d3no.wc4yes: do you
(43:21 / All) d3no.wc4yes: like, do you even know how to scout?
(43:39 / All) pkb_04: like do you even have a girlfriend
(43:45 / All) d3no.wc4yes: because im playing wc3
(43:48 / All) d3no.wc4yes: i must not have one right?
(43:53 / All) d3no.wc4yes: oh wait youre playing wc3
(44:03 / All) pkb_04: married
(44:08 / All) d3no.wc4yes: sucks for her
(44:19 / All) pkb_04: yep
(45:29 / All) d3no.wc4yes: no
(45:30 / All) d3no.wc4yes: not that
(45:32 / All) d3no.wc4yes: stop
(45:35 / All) d3no.wc4yes: it burns
(45:36 / All) d3no.wc4yes: arrrrgh
(46:11 / All) d3no.wc4yes: nooo
(47:46 / All) d3no.wc4yes: teehee
(48:37 / All) d3no.wc4yes: you still cant get that tree out?
(48:38 / All) d3no.wc4yes: lol
(49:10 / All) d3no.wc4yes: i told you
(49:13 / All) d3no.wc4yes: you can have that mine
(49:23 / All) d3no.wc4yes: accept my generosity/pity
(49:48 / All) d3no.wc4yes: i havent mined over 50 food all game
(51:06 / All) d3no.wc4yes: noooooo
(53:59 / All) d3no.wc4yes: chimeras again
(54:00 / All) d3no.wc4yes: really?
(54:01 / All) d3no.wc4yes: yawn
(60:41 / All) d3no.wc4yes: is that it?
(60:48 / All) d3no.wc4yes: theres not even any gold there
(61:48 / All) d3no.wc4yes: why do you hate zeps
(62:15 / All) d3no.wc4yes: were your ancestors on the hindenberg?
(63:07 / All) d3no.wc4yes: smooth.
(63:50 / All) d3no.wc4yes: whats the plan now?
(65:51 / All) d3no.wc4yes: still only 1 mine?
(66:31 / All) d3no.wc4yes: gogogo
(66:33 / All) d3no.wc4yes: attack
(66:36 / All) d3no.wc4yes: CHARGE
(66:53 / All) d3no.wc4yes: faster
(66:53 / All) d3no.wc4yes: go
(66:54 / All) d3no.wc4yes: go
(66:55 / All) d3no.wc4yes: go
(67:21 / All) d3no.wc4yes: NO YOU FOOL
(67:23 / All) d3no.wc4yes: I SAID ATTACK
(67:47 / All) d3no.wc4yes: thanks for not cancelling
(73:00 / All) d3no.wc4yes: hey.
(87:45 / All) d3no.wc4yes: i can scan for free :D
(87:58 / All) d3no.wc4yes: you shouldnt waste those
(90:02 / All) d3no.wc4yes: backpack? really?
(90:22 / All) d3no.wc4yes: i bet you even upgraded moon wells
(92:32 / All) d3no.wc4yes: thats a lotta money to waste on a demon hunter
(94:33 / All) d3no.wc4yes: so many dryads
(94:37 / All) d3no.wc4yes: shame they can fly
(94:39 / All) d3no.wc4yes: cant
(94:45 / All) d3no.wc4yes: would be a greater shame if they could
(96:07 / All) d3no.wc4yes: uh oh
(96:24 / All) d3no.wc4yes: no tp scroll
(96:27 / All) d3no.wc4yes: you sure?
(98:20 / All) d3no.wc4yes: yoink
(98:28 / All) d3no.wc4yes: aw
(98:35 / All) d3no.wc4yes: you took out your anger on my critter
(98:40 / All) d3no.wc4yes: down to 20 now
(98:42 / All) d3no.wc4yes: :(
(98:53 / All) d3no.wc4yes: LET THE GREAT CRITTER HUNT BEGIN
(99:23 / All) d3no.wc4yes: plan?
(99:39 / All) pkb_04: waiting on your bitch ass once again
(99:42 / All) d3no.wc4yes: lmfao
(99:45 / All) d3no.wc4yes: so angry
(100:04 / All) d3no.wc4yes: you know what you should do
(100:07 / All) d3no.wc4yes: dryads and chims
(100:13 / All) d3no.wc4yes: thats a BRILLIANT strategy
(100:35 / All) d3no.wc4yes: 2 ez
(101:54 / All) d3no.wc4yes: hey i thought you were gonna wait
(102:18 / All) d3no.wc4yes: you know i can afford more zepplins right
(102:25 / All) d3no.wc4yes: like, 230 of them
(103:04 / All) d3no.wc4yes: in other words youd be better off letting the computer ai play for you
(103:08 / All) d3no.wc4yes: instead of tryhard micro
(103:24 / All) d3no.wc4yes: but youre an elf and thats what elf/random players do
(103:33 / All) d3no.wc4yes: try really hard to micro pointlessly and have no strategy
(104:50 / All) d3no.wc4yes: INCOMING
(105:11 / All) d3no.wc4yes: BOOM
(105:12 / All) d3no.wc4yes: HEADSHOT
(105:21 / All) d3no.wc4yes: DENY IT
(105:22 / All) d3no.wc4yes: GOOO
(105:24 / All) d3no.wc4yes: TRY HARD
(105:29 / All) d3no.wc4yes: AND WIN
(106:15 / All) d3no.wc4yes: time to give up
(106:20 / All) d3no.wc4yes: and leave
(108:50 / All) d3no.wc4yes: so
(108:52 / All) d3no.wc4yes: still here
(108:53 / All) d3no.wc4yes: why?
(109:12 / All) d3no.wc4yes: i know the reason but i like hearing about the things you tell yourself
(110:02 / All) d3no.wc4yes: cant believe youre still in upkeep
(110:07 / All) d3no.wc4yes: do you even know what that means?
(111:33 / All) pkb_04: yawn
(111:38 / All) d3no.wc4yes: you dont have to stay
(111:41 / All) d3no.wc4yes: :)
(111:57 / All) pkb_04: oh no, ill be here till you quit or get beat
(112:01 / All) d3no.wc4yes: because
(112:03 / All) d3no.wc4yes: ____
(112:28 / All) d3no.wc4yes: well at least you finally figured out how to detect invisibility
(112:39 / All) d3no.wc4yes: like a dog that sat with a towel on its head for 3 hours
(112:45 / All) d3no.wc4yes: and realized that the room wasnt dark
(112:59 / All) d3no.wc4yes: do you run in the special olympics?
(113:25 / All) d3no.wc4yes: you should at least try out
(113:30 / All) d3no.wc4yes: a lot of them arent in good shape, either
(113:34 / All) d3no.wc4yes: plus theres free ice cream
(114:25 / All) d3no.wc4yes: ooh that was a waste
(116:04 / All) d3no.wc4yes: really?
(116:18 / All) d3no.wc4yes: thats like community college level stupidity
(116:48 / All) d3no.wc4yes: you sure know how to waste gold
(117:01 / All) d3no.wc4yes: i think you could have won this if you played smart
(119:27 / All) d3no.wc4yes: LOL
(119:36 / All) d3no.wc4yes: worst
(119:37 / All) d3no.wc4yes: plan
(119:38 / All) d3no.wc4yes: ever
(121:18 / All) d3no.wc4yes: ive seen brazilians that played smarter
(123:41 / All) d3no.wc4yes: give up?
(123:52 / All) pkb_04: quit being a bitch
(123:55 / All) d3no.wc4yes: no
(123:56 / All) d3no.wc4yes: u
(124:17 / All) d3no.wc4yes: but the good part is
(124:19 / All) d3no.wc4yes: now youre MY bitch :)
(127:10 / All) d3no.wc4yes: are you seriously out of gold already?
(128:41 / All) d3no.wc4yes: 2 ez
(129:01 / All) d3no.wc4yes: also
(129:02 / All) d3no.wc4yes: your guy died.
(129:40 / All) d3no.wc4yes: youre gonna tower really?
(130:04 / All) d3no.wc4yes: is that honestly your best plan
(131:54 / All) d3no.wc4yes: you really want to make me spend my gold
(132:03 / All) d3no.wc4yes: now im down to 38000
(132:10 / All) d3no.wc4yes: :(
(134:06 / All) d3no.wc4yes: down goes another
(134:36 / All) d3no.wc4yes: guess that didnt work out
(134:39 / All) d3no.wc4yes: like your life
(134:41 / All) d3no.wc4yes: :'(
(137:17 / All) pkb_04: really
(137:21 / All) d3no.wc4yes: ya rly
(138:08 / All) d3no.wc4yes: teehee
(138:40 / All) d3no.wc4yes: you honestly cant afford tp scrolls?
(138:52 / All) d3no.wc4yes: that scan spam was smart
(139:01 / All) d3no.wc4yes: 50 gold each
(139:38 / All) d3no.wc4yes: you tried so hard to take down my perch
(139:45 / All) d3no.wc4yes: funny when someone tries something and cant
(140:23 / All) pkb_04: run im coming
(140:28 / All) pkb_04: fucking lame dude
(140:30 / All) d3no.wc4yes: you type slow
(140:36 / All) d3no.wc4yes: chubby little fingers
(140:57 / All) d3no.wc4yes: you should fly all those dryads up here
(141:15 / All) d3no.wc4yes: clearly four legged creatures are the best choice for an aerial assault
(142:25 / All) d3no.wc4yes: lol
(142:29 / All) d3no.wc4yes: sad
(144:52 / All) d3no.wc4yes: sorry
(144:54 / All) d3no.wc4yes: did you need that?
(145:42 / All) d3no.wc4yes: look at that gold mine
(145:45 / All) d3no.wc4yes: 9310 gold
(145:57 / All) d3no.wc4yes: tasty
(145:58 / All) pkb_04: what i miss
(146:12 / All) d3no.wc4yes: youre short 1 tree
(146:22 / All) d3no.wc4yes: you wont miss it
(147:05 / All) d3no.wc4yes: that supposed to work?
(147:09 / All) d3no.wc4yes: i dont need a lumber mill
(148:33 / All) d3no.wc4yes: thats not a good build for a warden
(148:39 / All) d3no.wc4yes: and its a waste of money
(150:02 / All) d3no.wc4yes: i told you i dont need that lumber mill
(150:04 / All) pkb_04: lil bitch
(150:08 / All) d3no.wc4yes: someones angry :)
(152:08 / All) d3no.wc4yes: wow youre so bad
(152:09 / All) d3no.wc4yes: lol
(152:32 / All) pkb_04: dude ill be allday if i have too. so keep being gay
(152:47 / All) d3no.wc4yes: you really shouldnt care that much about what i think
(152:54 / All) d3no.wc4yes: its only a game :)
(155:01 / All) d3no.wc4yes: fun stuff
(158:29 / All) d3no.wc4yes: run run run
(159:36 / All) d3no.wc4yes: lool
(159:41 / All) d3no.wc4yes: i dont have to do anything else
(159:43 / All) d3no.wc4yes: this is enough fun
(160:02 / All) d3no.wc4yes: wrong way
(160:05 / All) d3no.wc4yes: :P
(161:48 / All) pkb_04: im coming run
(161:54 / All) d3no.wc4yes: you type way too slow
(161:58 / All) pkb_04: dude your really lame
(162:01 / All) d3no.wc4yes: *you're
(162:19 / All) d3no.wc4yes: i like how i have to channel my teleport for 3 seconds and i havent lost a hero
(162:21 / All) pkb_04: thank you for the correctiong bitch
(162:27 / All) d3no.wc4yes: your blink is instant and you cant keep a warden alive
(163:04 / All) d3no.wc4yes: whats that gonna do
(163:10 / All) d3no.wc4yes: fail
(163:18 / All) d3no.wc4yes: jesus christ youre horrible
(163:31 / All) d3no.wc4yes: did your parents do crack
(163:58 / All) d3no.wc4yes: you dont have an altar do you
(163:59 / All) d3no.wc4yes: lmao
(164:40 / All) d3no.wc4yes: ez
(164:57 / All) pkb_04: ur destroying buildings
(164:58 / All) pkb_04: wow
(165:05 / All) d3no.wc4yes: ur trying
(165:07 / All) d3no.wc4yes: and sucking
(165:08 / All) d3no.wc4yes: wow
(165:25 / All) pkb_04: im having a blast. i enjoy your petty efforts of trying to kill me
(165:36 / All) d3no.wc4yes: i enjoy your attempts to convince me that youre having fun
(165:37 / All) pkb_04: ill take it as a complament
(165:43 / All) d3no.wc4yes: *compliment
(165:52 / All) d3no.wc4yes: did ya finish high school?
(166:10 / All) pkb_04: and you still think your in english class when gaming
(166:19 / All) d3no.wc4yes: no im just not a moron
(166:19 / All) pkb_04: i bet you get a lot of girls
(166:23 / All) pkb_04: what a douche
(166:30 / All) d3no.wc4yes: which is probably why i am much better than you at this
(166:34 / All) pkb_04: when was the last time you got laid
(166:36 / All) d3no.wc4yes: :)
(166:44 / All) pkb_04: i know, never
(166:49 / All) d3no.wc4yes: are we back to internet tough guy phase again?
(166:53 / All) pkb_04: looser
(166:57 / All) d3no.wc4yes: youre supposed to be in the denial phase now
(167:09 / All) pkb_04: ok dude
(167:42 / All) d3no.wc4yes: is your warden up yet
(169:08 / All) pkb_04: ha
(169:19 / All) d3no.wc4yes: god im so rich
(169:49 / All) d3no.wc4yes: man, i make some retarded mistakes
(169:54 / All) d3no.wc4yes: like letting a warden die to towers
(169:55 / All) d3no.wc4yes: oh wait :D
(171:09 / All) d3no.wc4yes: thanks for uprooting
(171:24 / All) d3no.wc4yes: makes them so easy to kill
(171:40 / All) d3no.wc4yes: genius maneuver really
(171:43 / All) d3no.wc4yes: and not rooting them back
(171:53 / All) d3no.wc4yes: free tree kills
(172:10 / All) d3no.wc4yes: uh oh
(172:11 / All) d3no.wc4yes: look
(172:18 / All) d3no.wc4yes: VANISHING BIRD TRICK
(173:10 / All) d3no.wc4yes: having trouble finding your warden?
(173:14 / All) d3no.wc4yes: f1 works
(173:21 / All) d3no.wc4yes: oh wait you wasted all your gold
(173:22 / All) d3no.wc4yes: on reveals
(174:38 / All) d3no.wc4yes: a smart player would kill off his own dryads
(176:52 / All) d3no.wc4yes: ez ez ez
(178:07 / All) d3no.wc4yes: lol
(179:10 / All) d3no.wc4yes: lol!
(179:28 / All) d3no.wc4yes: man those dryads sure are awesome
(179:33 / All) d3no.wc4yes: theres no better unit than dryads
(179:39 / All) d3no.wc4yes: you should mass dryads EVERY game
(180:09 / All) d3no.wc4yes: ok man
(180:12 / All) d3no.wc4yes: ill let you have this gold mine
(180:20 / All) d3no.wc4yes: just sell your items and make a tree here
(180:24 / All) pkb_04: give me some gold
(180:34 / All) d3no.wc4yes: im giving it all to you
(180:41 / All) pkb_04: ok
(180:43 / All) d3no.wc4yes: just sell your retarded circlets which were a bad idea
(180:55 / All) pkb_04: dont have anything to sell
(181:01 / All) d3no.wc4yes: yet you mined all that gol
(181:01 / All) d3no.wc4yes: d
(181:06 / All) d3no.wc4yes: under upkeep
(181:14 / All) pkb_04: low
(181:16 / All) d3no.wc4yes: and wasted it on reveals
(181:20 / All) d3no.wc4yes: upkeep is upkeep
(181:26 / All) d3no.wc4yes: just like a retard is a retard is you
(181:38 / All) pkb_04: ok guy
(181:52 / All) d3no.wc4yes: i was bein pretty generous to let you have 4 mines
(181:59 / All) d3no.wc4yes: sad you couldnt put it to good use
(182:15 / All) pkb_04: no you were playing your gay cat and mouse game
(182:21 / All) pkb_04: you being the mouse
(182:26 / All) d3no.wc4yes: thats what caused you to waste a shitload of money?
(182:28 / All) d3no.wc4yes: not smart is it
(183:18 / All) d3no.wc4yes: you know you cant hide those
(183:19 / All) d3no.wc4yes: right?
(183:56 / All) pkb_04: right dick chees
(183:59 / All) pkb_04: chees
(184:01 / All) d3no.wc4yes: try again
(184:01 / All) pkb_04: cheese
(184:04 / All) d3no.wc4yes: there ya go
(186:15 / All) d3no.wc4yes: eeeeeeeeeeeeeeeez
(186:46 / All) d3no.wc4yes: i could just attack move my siege engines
(186:53 / All) d3no.wc4yes: its that easy
(191:06 / All) d3no.wc4yes: oh man
(191:11 / All) d3no.wc4yes: i cant wait to read your excuse for leaving